 Dungeon Crawl Stone Soup version 0.29-a0-821-g66395355a5 (webtiles) character file.

Game seed: 18013964688099617200

342809 hquester1 the Warrior (level 21, -6/291 HPs)
             Began as a Minotaur Fighter on July 6, 2022.
             Was the Champion of Okawaru.
             Mangled by the Royal Jelly (39 damage)
             ... on level 5 of the Pits of Slime on July 7, 2022.
             The game lasted 03:54:30 (40136 turns).

hquester1 the Warrior (Minotaur Fighter)           Turns: 40136, Time: 03:54:30

Health: -6/291     AC: 22    Str: 29    XL:     21   Next: 11%
Magic:  7/29       EV: 25    Int:  5    God:    Okawaru [******]
Gold:   2348       SH: 25    Dex: 24    Spells: 20/20 levels left

rFire   + . .      SeeInvis .   R - +8 mithril axe "Arga" {speed, Will+}
rCold   + + .      Faith    .   T - +2 kite shield of Optimism {rPois Regen+ Dex+3}
rNeg    . . .      Spirit   .   W - +4 storm dragon scales {Bai Suzhen}
rPois   +          Reflect  +   (helmet unavailable)
rElec   +          Harm     .   B - +2 cloak
rCorr   +          Rampage  .   v - +2 pair of gloves of Uskayaw's Condemnation {rCorr}
Will    ++...                   U - +1 pair of boots of the Swan {rPois}
Stlth   ..........              m - amulet "Xugaipavuu" {Reflect rF+ rC+ Regen+ Str+2 SH+5}
HPRegen 2.18/turn               G - +6 ring of dexterity
MPRegen 0.21/turn               V - +4 ring of slaying

@: mighty, berserking, heroic, corroded, studying Conjurations, very quick
A: horns 3, retaliatory headbutt, cold resistance 1, deformed body
}: 2/15 runes: serpentine, barnacled
a: Renounce Religion, Heroism, Finesse, Duel


You were on level 5 of the Pits of Slime.
You worshipped Okawaru.
Okawaru was exalted by your worship.
You visited 9 branches of the dungeon, and saw 40 of its levels.
You also visited: Gauntlet.

You collected 3824 gold pieces.
You spent 1476 gold pieces at shops.

Inventory:

Hand Weapons
 i - the +7 flail "Beastslayer" {protect, Fly rPois Will- Int+6}
   (Okawaru gifted it to you on level 3 of the Elven Halls)

   It grants its wielder temporary protection when it strikes (+7 to AC).
   Int:       It affects your intelligence (+6).
   rPois:     It protects you from poison.
   Fly:       It grants you flight.
   Will:      It decreases your willpower.
 k - a +8 flail of protection
 R - the +8 mithril axe "Arga" (weapon) {speed, Will+}
   (Okawaru gifted it to you on level 4 of the Snake Pit)

   Attacks with this weapon are significantly faster.
   Will:      It increases your willpower.
 X - a +2 morningstar of venom
Armour
 v - the +2 pair of gloves of Uskayaw's Condemnation (worn) {rCorr}
   (You acquired it on level 10 of the Dungeon)

   rCorr:     It protects you from acid and corrosion.
 B - a +2 cloak (worn)
 J - a scarf of resistance
 O - a +2 plate armour of willpower
 T - the +2 kite shield of Optimism (worn) {rPois Regen+ Dex+3}
   (Okawaru gifted it to you on level 5 of the Lair of Beasts)

   Dex:       It affects your dexterity (+3).
   rPois:     It protects you from poison.
   Regen:     It increases your rate of health regeneration.
 U - the +1 pair of boots of the Swan (worn) {rPois}
   (You found it in a Gauntlet)

   rPois:     It protects you from poison.
 W - +4 storm dragon scales (worn) {Bai Suzhen}
Jewellery
 m - the amulet "Xugaipavuu" (around neck) {Reflect rF+ rC+ Regen+ Str+2 SH+5}
   (You took it off a merfolk on level 4 of the Shoals)

   [amulet of reflection]

   It reflects blocked missile attacks.
   Str:       It affects your strength (+2).
   rF:        It protects you from fire.
   rC:        It protects you from cold.
   Regen:     It increases your rate of health regeneration.
   SH:        It affects your SH (+5).
 G - a +6 ring of dexterity (left hand)
 K - the ring "Exiakol" {Ice SInv}
   (You found it on level 4 of the Shoals)

   [ring of ice]

   It enhances your ice magic.
   rF:        It makes you vulnerable to fire.
   rC:        It protects you from cold.
   SInv:      It lets you see invisible.
 V - a +4 ring of slaying (right hand)
Wands
 s - a wand of polymorph (19)
 w - a wand of flame (51)
 x - a wand of acid (32)
 I - a wand of mindburst (19)
 N - a wand of digging (16)
 Q - a wand of roots (11)
Scrolls
 a - 5 scrolls of amnesia
 e - 14 scrolls of teleportation
 g - 2 scrolls of poison
 l - 7 scrolls of blinking
 o - 2 scrolls of fear
 q - 10 scrolls of fog
 u - 6 scrolls of enchant weapon
 M - 2 scrolls of silence
 P - a scroll of magic mapping
 S - 4 scrolls of enchant armour
 Z - 6 scrolls of immolation
Potions
 b - 5 potions of might
 c - 2 potions of berserk rage
 f - 6 potions of mutation
 h - 2 potions of flight
 n - 8 potions of brilliance
 p - 2 potions of invisibility
 t - 9 potions of haste
 z - 9 potions of lignification
 A - 3 potions of ambrosia
 C - 3 potions of cancellation
 D - 11 potions of curing
 E - 2 potions of resistance
 F - 3 potions of magic
Miscellaneous
 d - a tin of tremorstones (1/2)
 H - a phial of floods (inert)


   Skills:
 + Level 18.0(23.0) Fighting
 + Level 12.0(21.0) Axes
 + Level 17.0(23.4) Maces & Flails
 + Level 18.0(23.0) Armour
 + Level 16.2(21.2) Dodging
 + Level 5.8(10.8) Stealth
 + Level 17.9(22.9) Shields
 + Level 9.2 Conjurations
 + Level 12.9 Invocations
 + Level 12.0 Evocations


You had 20 spell levels left.
You didn't know any spells.
Your spell library contained the following spells:

 Spells                   Type           Power      Damage    Failure   Level
 Shock                    Conj/Air       16%        1d4       24%         1
 Static Discharge         Conj/Air       4%         3-4/arc   34%         2
 Iskenderun's Battlesphe  Conj           9%         2d6       69%         5
 Apportation              Tloc           0%         N/A       83%         1
 Necrotise                Necr           0%         1d4       83%         1
 Poisonous Vapours        Pois/Air       0%         N/A       93%         2
 Confusing Touch          Hex            0%         N/A       99%         3
 Gell's Gravitas          Tloc           0%         N/A       99%         3
 Lesser Beckoning         Tloc           0%         N/A       99%         3
 Portal Projectile        Hex/Tloc       0%         N/A       99%         3
 Swiftness                Air            0%         N/A       99%         3
 Teleport Other           Tloc           0%         N/A       99%         3
 Vampiric Draining        Necr           0%         2d6       99%         3
 Airstrike                Air            0%         0-1+      100%        4
 Corpse Rot               Necr/Pois/Air  0%         N/A       100%        4
 Leda's Liquefaction      Hex/Erth       0%         N/A       100%        4
 Passage of Golubria      Tloc           0%         N/A       100%        4
 Agony                    Necr           0%         N/A       100%        5
 Alistair's Intoxication  Tmut/Pois      0%         N/A       100%        5
 Blade Hands              Tmut           0%         N/A       100%        5
 Fireball                 Conj/Fire      2%         3d4       100%        5
 Lightning Bolt           Conj/Air       2%         1d13      100%        5
 Yara's Violent Unravell  Hex/Tmut       0%         3d3       100%        5
 Conjure Ball Lightning   Conj/Air       2%         3x3d6     100%        6
 Dispersal                Tloc           0%         N/A       100%        6
 Enfeeble                 Hex            0%         N/A       100%        7
 Orb of Destruction       Conj           4%         9d5       100%        7
 Borgnjor's Revivificati  Necr           0%         N/A       100%        8
 Maxwell's Capacitive Co  Air            0%         ∞         100%        8
 Necromutation            Tmut/Necr      0%         N/A       100%        8
 Death's Door             Necr           0%         N/A       100%        9
 Call Canine Familiar     Summ           Unusable   N/A       N/A         3
 Tukima's Dance           Hex            Unusable   N/A       N/A         3
 Summon Forest            Summ/Tloc      Unusable   N/A       N/A         5

Dungeon Overview and Level Annotations

Branches:
Dungeon (15/15)            Temple (1/1) D:5            Lair (6/6) D:10
 Shoals (4/4) Lair:2        Snake (4/4) Lair:4        Slime (5/5) Lair:5
    Orc (2/2) D:10            Elf (3/3) Orc:2        Vaults (1/5) D:14
 Depths (0/4) D:15        Gauntlet (visited)

Altars:
Ashenzari
Cheibriados
Dithmenos
Elyvilon
Fedhas
Gozag
Hepliaklqana
Kikubaaqudgha
Makhleb
Okawaru
Qazlal
Ru
Sif Muna
Trog
Vehumet
Wu Jian
Xom
Zin
The Shining One

Shops:
D:1 *   D:11 (   Orc:2 *[(*=   Elf:3 !   Snake:4 (

Portals:
Trove: D:10 (give 8 potions of haste)

Annotations:
Snake:1 1 runed translucent door, zhov's ghost, adept SpHu
Slime:5 Royal Jelly


Innate Abilities, Weirdness & Mutations

You have a pair of large horns on your head.
You reflexively headbutt those who attack you in melee.
Your flesh is cold resistant. (rC+)
Armour fits poorly on your strangely shaped body.


Message History

You slash the acid blob!
Your hands burn!
* * * LOW HITPOINT WARNING * * *
You slash the acid blob!
Your hands burn!
* * * LOW HITPOINT WARNING * * *
You slice the acid blob!!
Your hands burn!
* * * LOW HITPOINT WARNING * * *
You block the acid blob's attack.
Unknown command.
You slice the acid blob!!
You kill the acid blob!
That felt strangely unrewarding.
You slice the acid blob!!
You kill the acid blob!
That felt strangely unrewarding.
You slice the acid blob!!
Your hands burn!
* * * LOW HITPOINT WARNING * * *
You slash the acid blob!
You kill the acid blob!
That felt strangely unrewarding.
You are too berserk!
You barely miss the Royal Jelly. You headbutt the Royal Jelly!
The Royal Jelly is heavily wounded.
You barely miss the rockslime. You barely miss the acid blob.
You slice the acid blob!!
You kill the acid blob!
That felt strangely unrewarding.
The Royal Jelly shudders.
The Royal Jelly spits out another jelly.
You hit the Royal Jelly.
Your hands burn!
* * * LOW HITPOINT WARNING * * *
You headbutt the Royal Jelly.
The Royal Jelly is severely wounded.
You hit the acid blob.
Your hands burn!
* * * LOW HITPOINT WARNING * * *
You slice the acid blob!!
Your hands burn!
* * * LOW HITPOINT WARNING * * *
You slice the azure jelly!!
You kill the azure jelly!
That felt strangely unrewarding.
You hit the rockslime. The rockslime misses you. You furiously retaliate!
You headbutt the rockslime, but do no damage.
The Royal Jelly hits you!!!
You die...

.......≈≈≈≈.............#
.......≈≈...............#
.......≈................#
........................##
..#...#..................##
#.#####.....G.............###
#..# ###...................#
##.# ##.....JJ..........##
..# ##...J.@J..........# #.##
#......JJ.........#### #..##
##...................# ##G#)
#...................## #..###
#....................##
G.....
##....................#
......................#
###....................#
#.....................#


You could see the Royal Jelly, 3 acid blobs, a great orb of eyes and 2
rockslimes.

Vanquished Creatures
  Vashnia (Snake:4)
  Bai Suzhen (Snake:4)
  The ghost of Zasomp the Slayer, a veteran MiFi of Hepliaklqana (Elf:1)
  Saint Roka (Orc:2)
  Asterion (Elf:2)
  Rupert (D:14)
  2 deep elf blademasters (Elf:3)
  20 acid blobs
  2 deep elf master archers (Elf:3)
  Frances (Shoals:1)
  A tengu reaver (D:15)
  Kirke (Shoals:4)
  Agnes (D:14)
  17 nagarajas
  Donald (Shoals:4)
  A fire giant (D:15)
  A fenstrider witch (Shoals:2)
  9 rockslimes
  6 azure jellies
  Aizul (Snake:1)
  Louise (Shoals:4)
  4 deep elf elementalists (Elf:3)
  A stone giant (D:15)
  14 quicksilver oozes
  The ghost of chrisa4242 the Marksdraconian, a journeyman DrHu of Xom (Orc:2)
  Azrael (Elf:1)
  2 deep elf demonologists (Elf:3)
  A deep elf annihilator (Elf:3)
  Nessos (D:14)
  A minotaur (Gauntlet)
  2 dire elephants (Snake:4)
  The ghost of Dorraepp the Carver, a journeyman DsAr of Gozag (Snake:3)
  9 deep elf death magi (Elf:3)
  2 merfolk javelineers (Shoals:4)
  2 yaktaur captains (D:15)
  An ettin (D:15)
  A blizzard demon (Gauntlet)
  Snorg (D:12)
  Josephine (Orc:2)
  8 merfolk impalers (Shoals:4)
  5 great orbs of eyes
  4 vault guards (D:15)
  7 boulder beetles
  The ghost of Rozof the Cleaver, a journeyman GnCA of Ignis (Lair:1)
  5 salamander tyrants
  15 hydras
  4 ogre magi
  Erolcha (Orc:2)
  4 catoblepae (Lair:6)
  16 naga warriors
  6 merfolk avatars
  An alligator snapping turtle (Shoals:2)
  10 anacondas
  2 merfolk aquamancers
  2 two-headed ogres
  42 dancing weapons
  A deep troll shaman (D:15)
  4 satyrs
  6 tengu warriors
  12 death yaks
  13 centaur warriors
  2 death scarabs (Gauntlet)
  A deep troll earth mage (D:15)
  Urug (D:14)
  3 sun demons (Shoals:1)
  22 naga sharpshooters
  2 orc high priests
  4 shock serpents
  Sonja (D:11)
  Nergalle (Lair:1)
  15 deep elf knights
  4 salamander mystics
  A spectral death yak (Lair:1)
  12 sea snakes
  2 glowing orange brains (D:15)
  11 deep elf archers
  A kraken simulacrum (Shoals:4)
  4 orc knights (D:15)
  36 harpies
  2 spectral hydras
  6 naga ritualists
  27 deep elf pyromancers
  22 deep elf zephyrmancers
  6 cyclopes
  24 manticores
  13 mana vipers
  9 shining eyes
  12 ugly things
  7 orc sorcerers
  17 fauns
  14 salamanders
  15 elephants
  8 merfolk sirens
  A moth of wrath (Orc:2)
  A torpor snail (Lair:5)
  28 black mambas
  3 eyes of devastation
  8 naga magi
  12 water nymphs
  7 guardian serpents
  7 cane toads
  A rime drake (Lair:5)
  An efreet (D:15)
  An unseen horror (D:7)
  2 freezing wraiths (D:15)
  A yaktaur (D:15)
  3 tengu conjurers (D:15)
  A rime drake (shapeshifter) (Elf:1)
  5 komodo dragons
  An ice devil (Gauntlet)
  7 trolls
  4 polar bears
  33 merfolk
  80 slime creatures
  A wolf spider simulacrum (D:15)
  A tarantella (shapeshifter) (Elf:2)
  8 wind drakes
  10 blink frogs
  2 raiju
  6 snapping turtles
  A spectral dream sheep (Gauntlet)
  A raiju (shapeshifter) (D:15)
  15 dream sheep
  An air elemental (Elf:1)
  3 shadows (Gauntlet)
  58 yaks
  Sigmund (D:2)
  2 centaur simulacra (Gauntlet)
  12 water elementals
  4 wyverns
  8 wraiths
  A spectral fire crab (Lair:1)
  Eustachio (D:5)
  5 fire elementals (Elf:1)
  2 golden eyes (Slime:5)
  6 hogs (Shoals:4)
  16 humans (D:14)
  4 basilisks
  3 steam dragons
  12 vampire mosquitoes
  Edmund (D:5)
  35 nagas
  10 wargs
  An acid dragon (D:11)
  A hydra simulacrum (Lair:1)
  3 floating eyes
  18 water moccasins
  4 hell hounds (Elf:1)
  23 orc warriors
  5 black bears
  An ice dragon simulacrum (Gauntlet)
  A black mamba simulacrum (Lair:1)
  12 ogres
  17 wolves
  19 centaurs
  A phantom (D:4)
  2 kobold brigands
  5 bullfrogs
  A necrophage (D:5)
  2 earth elementals (Elf:1)
  4 scorpions
  2 hornet simulacra (Gauntlet)
  13 killer bees
  2 dream sheep simulacra (Lair:1)
  3 howler monkeys (D:13)
  21 orc priests
  3 gnoll boudas
  8 hounds
  5 jellies
  Jessica (D:3)
  28 orc wizards
  Natasha (thrice) (D:2)
  3 iguanas
  4 hell rats (Lair:6)
  15 gnolls
  6 adders
  A white imp (D:5)
  3 worms
  4 dart slugs
  58 orcs
  9 endoplasms
  3 giant cockroaches
  8 goblins
  10 hobgoblins
  13 kobolds
  3 quokkas
  10 ball pythons
  8 bats
  A frilled lizard (D:1)
  8 rats
  A tentacle (Shoals:4)
1405 creatures vanquished.

Vanquished Creatures (others)
  A deep elf knight (Elf:3)
  A wizard (D:15)
  A deep elf zephyrmancer (Elf:2)
  A deep elf pyromancer (Elf:1)
  An ugly thing (D:14)
  An orc wizard (Orc:2)
  An orc (Orc:1)
  2 bushes (Lair:6)
  16 fungi
  91 plants
  19 tentacles (Shoals:4)
135 creatures vanquished.

Grand Total: 1540 creatures vanquished

Notes
Turn   | Place    | Note
-------+----------+-------------------------------------------
     0 | D:1      | hquester1 the Minotaur Fighter began the quest for the Orb.
     0 | D:1      | Reached XP level 1. HP: 19/19 MP: 0/0
   232 | D:1      | Reached XP level 2. HP: 27/27 MP: 1/1
   596 | D:1      | Reached XP level 3. HP: 33/33 MP: 2/2
   649 | D:1      | Found Naduy's Assorted Antiques.
   689 | D:2      | Noticed Sigmund
   695 | D:2      | Killed Sigmund
   696 | D:2      | Reached XP level 4. HP: 15/41 MP: 3/3
   696 | D:2      | Reached XP level 5. HP: 17/47 MP: 4/4
   937 | D:2      | Noticed Natasha
   944 | D:2      | Killed Natasha
  1260 | D:2      | Noticed Natasha
  1274 | D:2      | Killed Natasha
  1631 | D:2      | Noticed Natasha
  1641 | D:2      | Killed Natasha
  1642 | D:2      | Reached XP level 6. HP: 53/55 MP: 5/5
  1706 | D:3      | Reached skill level 5 in Fighting
  1706 | D:3      | Reached skill level 5 in Armour
  1711 | D:3      | Reached skill level 5 in Shields
  2008 | D:3      | Found a glowing silver altar of Zin.
  2074 | D:3      | Found a faded altar of an unknown god.
  2415 | D:3      | Noticed Jessica
  2432 | D:3      | Killed Jessica
  2433 | D:3      | Found a shimmering blue altar of Sif Muna.
  2599 | D:4      | Reached XP level 7. HP: 45/61 MP: 6/6
  3374 | D:5      | Entered Level 5 of the Dungeon
  3385 | D:5      | Reached skill level 5 in Maces & Flails
  3713 | D:5      | Noticed Edmund
  3745 | D:5      | HP: 1/93 [Edmund/+7 flail of protection (9)]
  3747 | D:5      | Killed Edmund
  4078 | D:5      | Reached XP level 8. HP: 67/70 MP: 7/7
  4091 | D:5      | Found a staircase to the Ecumenical Temple.
  4101 | Temple   | Entered the Ecumenical Temple
  4169 | Temple   | Became a worshipper of Warmaster Okawaru
  4363 | D:5      | Noticed Eustachio
  4371 | D:5      | Killed Eustachio
  4628 | D:5      | Reached skill level 5 in Dodging
  4773 | D:6      | Reached * piety under Okawaru
  5028 | D:6      | Reached XP level 9. HP: 79/79 MP: 8/8
  5447 | D:1      | Bought a pair of dazzling boots for 228 gold pieces
  5447 | D:1      | Identified the +0 pair of boots of Sloth {rElec Int+4} (You
                  | bought it in a shop on level 1 of the Dungeon)
  5447 | D:1      | Bought a scroll of identify for 48 gold pieces
  5634 | D:7      | Found a shimmering altar of Xom.
  5634 | D:7      | Found a blossoming altar of Fedhas.
  5634 | D:7      | Found a glowing golden altar of the Shining One.
  5634 | D:7      | Found a broken altar of Ashenzari.
  5840 | D:7      | Found a hazy altar of Hepliaklqana.
  5842 | D:7      | Found a shadowy altar of Dithmenos.
  5872 | D:7      | Reached ** piety under Okawaru
  6029 | D:7      | Killed an unseen horror
  6223 | D:7      | You fall into a shaft and drop 2 floors!
  6424 | D:9      | Reached XP level 10. HP: 51/90 MP: 5/9
  6439 | D:9      | Found a bloodstained altar of Trog.
  6813 | D:9      | Reached *** piety under Okawaru
  7226 | D:10     | Entered Level 10 of the Dungeon
  7322 | D:10     | Found a portal to a secret trove of treasure.
  7386 | D:10     | Found a sacrificial altar of Ru.
  7570 | D:10     | Found a staircase to the Lair.
  7584 | D:10     | Found a staircase to the Orcish Mines.
  7597 | D:10     | Noticed a two-headed ogre
  7615 | D:10     | Reached **** piety under Okawaru
  7624 | D:10     | Killed a two-headed ogre
  8038 | D:10     | Found an ancient bone altar of Kikubaaqudgha.
  8150 | D:10     | Identified a scroll of acquirement
  8150 | D:10     | Acquired the +2 pair of gloves of Uskayaw's Condemnation
                  | {rCorr}
  8262 | D:11     | Noticed Sonja
  8266 | D:11     | Killed Sonja
  8266 | D:11     | Reached ***** piety under Okawaru
  8310 | D:11     | Found Sapt's Antique Weapon Shoppe.
  8349 | D:11     | Noticed a cyclops
  8358 | D:11     | Killed a cyclops
  8359 | D:11     | Reached XP level 11. HP: 99/99 MP: 10/10
  8426 | D:11     | Noticed a two-headed ogre
  8437 | D:11     | Killed a two-headed ogre
  8438 | D:11     | Reached skill level 10 in Fighting
  8438 | D:11     | Reached skill level 10 in Armour
  8438 | D:11     | Reached skill level 10 in Shields
  8719 | D:11     | Noticed a white ugly thing
  8725 | D:11     | Killed a white ugly thing
  8829 | D:11     | Noticed a five-headed hydra
  8835 | D:11     | Killed a five-headed hydra
  9283 | Lair:1   | Entered Level 1 of the Lair of Beasts
  9293 | Lair:1   | Reached skill level 10 in Maces & Flails
  9361 | Lair:1   | Noticed a five-headed hydra
  9373 | Lair:1   | Killed a five-headed hydra
  9374 | Lair:1   | Reached skill level 1 in Invocations
  9522 | Lair:1   | Reached skill level 1 in Evocations
  9554 | Lair:1   | Identified the +6 great sword "Vaucimov" {protect, Int+2}
                  | (Okawaru gifted it to you on level 1 of the Lair of Beasts)
  9554 | Lair:1   | Received a gift from Okawaru
  9774 | Lair:1   | Reached ****** piety under Okawaru
 10166 | Lair:1   | Noticed Nergalle
 10188 | Lair:1   | Killed Nergalle
 10288 | Lair:1   | Found a runed translucent gate.
 10288 | Lair:1   | Found a runed translucent gate.
 10288 | Lair:1   | Found a runed translucent gate.
 10289 | Lair:1   | Noticed Rozof's ghost (journeyman GnCA)
 10723 | Lair:2   | Identified the +3 ring mail of Reason {rElec rC- Str+2}
 10802 | Lair:2   | Reached XP level 12. HP: 92/108 MP: 13/13
 11291 | Lair:2   | Found a staircase to the Shoals.
 11602 | Lair:3   | Noticed a four-headed hydra
 11606 | Lair:3   | Killed a four-headed hydra
 11606 | Lair:3   | Received a gift from Okawaru
 12732 | Lair:4   | Reached skill level 10 in Dodging
 12828 | Lair:4   | Noticed a death yak
 12830 | Lair:4   | Noticed a death yak
 12830 | Lair:4   | Noticed a death yak
 12858 | Lair:4   | Killed a death yak
 12862 | Lair:4   | Killed a death yak
 12871 | Lair:4   | Killed a death yak
 12955 | Lair:4   | Found a staircase to the Snake Pit.
 13121 | Lair:4   | Noticed a five-headed hydra
 13129 | Lair:4   | Killed a five-headed hydra
 13129 | Lair:4   | Identified the +4 short sword of Raarr {venom, Str+6}
                  | (Okawaru gifted it to you on level 4 of the Lair of Beasts)
 13129 | Lair:4   | Received a gift from Okawaru
 13221 | Lair:4   | Noticed a death yak
 13232 | Lair:4   | Noticed a death yak
 13233 | Lair:4   | Reached skill level 5 in Invocations
 13243 | Lair:4   | Killed a death yak
 13244 | Lair:4   | Reached XP level 13. HP: 87/117 MP: 15/15
 13995 | Lair:5   | Found a staircase to the Slime Pits.
 14052 | Lair:5   | Identified the +2 kite shield of Optimism {rPois Regen+
                  | Dex+3} (Okawaru gifted it to you on level 5 of the Lair of
                  | Beasts)
 14052 | Lair:5   | Received a gift from Okawaru
 14200 | Lair:5   | Reached skill level 5 in Evocations
 14831 | Lair:6   | Entered Level 6 of the Lair of Beasts
 14963 | Lair:6   | Found a gate leading to a gauntlet.
 14976 | Gauntlet | Entered a Gauntlet
 14976 | Gauntlet | Found a transporter.
 14986 | Gauntlet | Found a transporter.
 14986 | Gauntlet | Found a transporter.
 14987 | Gauntlet | Found a transporter.
 14995 | Gauntlet | Found a transporter.
 14998 | Gauntlet | Found a transporter.
 14999 | Gauntlet | Found a transporter.
 15001 | Gauntlet | Noticed a blizzard demon
 15007 | Gauntlet | Found a transporter.
 15010 | Gauntlet | Found a transporter.
 15011 | Gauntlet | Found a transporter.
 15020 | Gauntlet | Found a transporter.
 15022 | Gauntlet | Found a transporter.
 15023 | Gauntlet | Found a transporter.
 15031 | Gauntlet | Found a transporter.
 15200 | Gauntlet | Killed a blizzard demon
 15228 | Gauntlet | Identified the +0 cloak "Oshi" {Int+3}
 15269 | Gauntlet | Identified the +1 pair of boots of the Swan {rPois}
 15358 | Gauntlet | Noticed a minotaur
 15377 | Gauntlet | Killed a minotaur
 15435 | Lair:6   | Received a gift from Okawaru
 15608 | Lair:6   | Reached XP level 14. HP: 116/127 MP: 15/17
 16194 | Lair:6   | Identified the +0 ring mail "Qioqenah" {Rampage Stlth+}
                  | (Okawaru gifted it to you on level 6 of the Lair of Beasts)
 16194 | Lair:6   | Received a gift from Okawaru
 16926 | Lair:1   | Killed Rozof's ghost
 17094 | Orc:1    | Entered Level 1 of the Orcish Mines
 17234 | Orc:2    | Entered Level 2 of the Orcish Mines
 17238 | Orc:2    | Found a staircase to the Elven Halls.
 17249 | Orc:2    | Noticed Saint Roka
 17503 | Orc:2    | Killed Saint Roka
 17598 | Orc:2    | Noticed Erolcha
 17631 | Orc:1    | Identified the +6 flail of Raatal {freeze, *Slow Dex+5
                  | SInv} (Okawaru gifted it to you on level 1 of the Orcish
                  | Mines)
 17631 | Orc:1    | Received a gift from Okawaru
 17858 | Orc:2    | Killed Erolcha
 17937 | Orc:2    | Found Lalyugg's General Store.
 17937 | Orc:2    | Found Moiqon's Weapon Shoppe.
 17953 | Orc:2    | Found Liystridgh's Assorted Antiques.
 17957 | Orc:2    | Found Edelui's Armour Emporium.
 17960 | Orc:2    | Bought a scroll of enchant armour for 97 gold pieces
 17962 | Orc:2    | Bought a crude tower shield for 237 gold pieces
 17962 | Orc:2    | Identified the +0 tower shield of the Healing Gods
                  | {*Corrode rN+ Str+4 Int+8} (You bought it in a shop on
                  | level 2 of the Orcish Mines)
 17962 | Orc:2    | Bought a scroll of identify for 50 gold pieces
 17962 | Orc:2    | Bought 3 scrolls of enchant weapon for 562 gold pieces
 18043 | Orc:2    | Noticed Josephine
 18054 | Orc:2    | Killed Josephine
 18104 | Orc:2    | Found Pipnosu's Jewellery Shoppe.
 18165 | Orc:2    | Found a transporter.
 18166 | Orc:2    | Noticed chrisa4242's ghost (journeyman DrHu)
 18173 | Orc:2    | Found a transporter.
 18459 | Orc:2    | Killed chrisa4242's ghost
 18487 | Orc:2    | Identified the +0 cloak of the Storm King {rPois rC+ rCorr
                  | Dex-5}
 18492 | Orc:2    | Identified the ring of Domm {rPois Int+2}
 18645 | Snake:1  | Entered Level 1 of the Snake Pit
 18689 | Snake:1  | Reached XP level 15. HP: 132/133 MP: 19/19
 18872 | Snake:1  | Received a gift from Okawaru
 19546 | Snake:1  | Noticed Aizul
 19554 | Snake:1  | Reached skill level 1 in Axes
 19564 | Snake:1  | Killed Aizul
 19798 | Snake:1  | Found a runed translucent door.
 19841 | Snake:1  | Noticed zhov's ghost (adept SpHu)
 20207 | Snake:2  | Received a gift from Okawaru
 21962 | Snake:3  | Found a runed translucent door.
 21966 | Snake:3  | Noticed Dorraepp's ghost (journeyman DsAr)
 21990 | Snake:3  | Killed Dorraepp's ghost
 21996 | Snake:3  | Identified the ring of Gasaok {rCorr MP+9}
 22055 | Snake:3  | Reached XP level 16. HP: 93/147 MP: 11/21
 22646 | Snake:4  | Entered Level 4 of the Snake Pit
 22691 | Snake:4  | Identified the +8 spear of the Telling Gods {freeze, Dex+3}
                  | (Okawaru gifted it to you on level 4 of the Snake Pit)
 22691 | Snake:4  | Received a gift from Okawaru
 22698 | Snake:4  | Reached skill level 5 in Axes
 23161 | Snake:4  | Received a gift from Okawaru
 23161 | Snake:4  | Found the +8 mithril axe "Arga" {speed, Will+}
 23162 | Snake:4  | Reached skill level 15 in Fighting
 23195 | Snake:4  | Reached skill level 15 in Armour
 23388 | Snake:4  | Got a serpentine rune of Zot
 23471 | Snake:4  | Noticed Bai Suzhen
 23511 | Snake:4  | Killed Bai Suzhen
 23512 | Snake:4  | Reached skill level 15 in Shields
 23734 | Snake:4  | Noticed Vashnia
 23748 | Snake:4  | Reached skill level 15 in Maces & Flails
 23775 | Snake:4  | Killed Vashnia
 23891 | Snake:4  | Found Vuzxaihy's Weapon Boutique.
 23933 | Snake:4  | Bought a +0 morningstar for 64 gold pieces
 24005 | Snake:4  | Received a gift from Okawaru
 24113 | Snake:4  | Reached skill level 10 in Invocations
 24129 | Snake:4  | Reached XP level 17. HP: 84/156 MP: 15/23
 24291 | Snake:4  | Received a gift from Okawaru
 24396 | Snake:4  | Identified the +0 hat of the Gastropod {*Slow Dex+6 SInv}
                  | (Okawaru gifted it to you on level 4 of the Snake Pit)
 24396 | Snake:4  | Received a gift from Okawaru
 25210 | D:12     | Noticed Snorg
 25217 | D:12     | Killed Snorg
 25523 | D:13     | Reached skill level 1 in Conjurations
 25921 | D:13     | Identified the +3 ring mail of Maskielu {Regen+}
 26142 | D:13     | Identified the +2 dagger of the Feeding Lamprey {freeze,
                  | Str+5}
 26326 | D:14     | Noticed Urug
 26326 | D:14     | Noticed Rupert
 26326 | D:14     | Found a gate to the Vaults.
 26338 | D:14     | Killed Rupert
 26343 | D:14     | Killed Urug
 26378 | Vaults:1 | Entered Level 1 of the Vaults
 26546 | D:14     | Noticed Agnes
 26554 | D:14     | Killed Agnes
 26693 | D:14     | Noticed Nessos
 26773 | D:14     | Killed Nessos
 27266 | D:15     | Entered Level 15 of the Dungeon
 27311 | D:15     | Paralysed by a floating eye for 4 turns
 27338 | D:15     | Identified the ring "Xachuasi" {rPois rN+ Int-4 Dex+6}
 27412 | D:15     | Found a shimmering altar of Xom.
 27455 | D:15     | Identified the +0 robe of the Yeti {rElec Archmagi}
                  | (Okawaru gifted it to you on level 15 of the Dungeon)
 27455 | D:15     | Received a gift from Okawaru
 27615 | D:15     | Paralysed by a floating eye for 3 turns
 27689 | D:15     | Got the Volume of the Wayfarer and the Birds
 27722 | D:15     | Found a staircase to the Depths.
 27811 | D:15     | Found a blossoming altar of Fedhas.
 27854 | D:15     | Found a transporter.
 28017 | D:15     | Reached skill level 10 in Evocations
 28031 | D:15     | Reached XP level 18. HP: 154/166 MP: 21/25
 28207 | D:15     | Lost intelligence.
 28279 | D:15     | Identified the +0 cloak of Satisfaction {*Slow rF+ Will+
                  | Int+5}
 28315 | D:15     | Identified the ring of Sotamegyd {Fire rPois Will++}
 28328 | D:15     | Found a glowing silver altar of Zin.
 28388 | D:15     | Found a transporter.
 28481 | D:15     | Identified the +0 robe "Kyxtot Caqo" {rElec rPois Int+3
                  | Slay-3} (Okawaru gifted it to you on level 15 of the
                  | Dungeon)
 28481 | D:15     | Received a gift from Okawaru
 28489 | D:15     | Identified the ring "Varunisa" {rPois rC- Will+++ Dex+3
                  | SInv}
 28612 | Elf:1    | Entered Level 1 of the Elven Halls
 28612 | Elf:1    | Noticed Azrael
 28620 | Elf:1    | Killed Azrael
 28627 | Elf:1    | Reached skill level 5 in Conjurations
 29016 | Elf:1    | Found a runed translucent door.
 29644 | Elf:1    | Noticed Zasomp's ghost (veteran MiFi)
 29697 | Elf:1    | Killed Zasomp's ghost
 29895 | Elf:2    | Identified the +12 broad axe of the Radish {speed, Contam
                  | rElec Int+9} (Okawaru gifted it to you on level 2 of the
                  | Elven Halls)
 29895 | Elf:2    | Received a gift from Okawaru
 30002 | Elf:2    | Reached skill level 1 in Stealth
 30192 | Elf:2    | Found a runed translucent gate.
 30192 | Elf:2    | Found a runed translucent gate.
 30192 | Elf:2    | Noticed Asterion
 30195 | Elf:2    | Found a runed translucent gate.
 30208 | Elf:2    | Killed Asterion
 30355 | Elf:2    | Identified the +2 long sword of Ryad {pain, Int+8} (Okawaru
                  | gifted it to you on level 2 of the Elven Halls)
 30355 | Elf:2    | Received a gift from Okawaru
 30523 | Elf:2    | Reached skill level 15 in Dodging
 30713 | Elf:3    | Entered Level 3 of the Elven Halls
 30724 | Elf:3    | Reached XP level 19. HP: 95/174 MP: 13/26
 30932 | Elf:3    | Reached skill level 10 in Axes
 31097 | Elf:3    | Identified the +7 flail "Beastslayer" {protect, Fly rPois
                  | Will- Int+6} (Okawaru gifted it to you on level 3 of the
                  | Elven Halls)
 31097 | Elf:3    | Received a gift from Okawaru
 31248 | Elf:3    | Identified the +1 leather armour of Joiq {Str+2 Dex+5}
 31277 | Elf:3    | Noticed a Tzitzimitl
 31278 | Elf:3    | Identified the +4 flail "Batagef" {holy, rElec Str+4}
 31278 | Elf:3    | Identified the ring "Rotworch" {rC+ EV+4}
 31283 | Elf:3    | Found Gohee's Distillery.
 31301 | Elf:3    | Bought a potion of haste for 190 gold pieces
 31724 | Elf:3    | Noticed a Brimstone Fiend
 31740 | Elf:3    | Noticed a Brimstone Fiend
 32072 | Shoals:1 | Entered Level 1 of the Shoals
 32079 | Shoals:1 | Received a gift from Okawaru
 32644 | Shoals:1 | Noticed Frances
 32660 | Shoals:1 | Killed Frances
 34028 | Shoals:2 | Paralysed by a fenstrider witch for 3 turns
 34705 | Shoals:3 | Received a gift from Okawaru
 35118 | Shoals:3 | Reached XP level 20. HP: 169/184 MP: 24/28
 35485 | Shoals:4 | Entered Level 4 of the Shoals
 35587 | Shoals:4 | Identified the amulet "Xugaipavuu" {Reflect rF+ rC+ Regen+
                  | Str+2 SH+5}
 35630 | Shoals:4 | Noticed Louise
 35653 | Shoals:4 | Killed Louise
 35739 | Shoals:4 | Identified the ring "Exiakol" {Ice SInv}
 35782 | Shoals:4 | Identified the +1 ring mail of Dishonesty {rF+}
 35852 | Shoals:4 | Received a gift from Okawaru
 35892 | Shoals:4 | Noticed Donald
 35900 | Shoals:4 | Noticed Kirke
 35916 | Shoals:4 | Killed Kirke
 35961 | Shoals:4 | Killed Donald
 36045 | Shoals:4 | Identified the ring "Kootois" {Ice MP+9}
 36230 | Shoals:4 | Upgraded the game from 0.29-a0-819-g94b489e0ae to
                  | 0.29-a0-821-g66395355a5
 36346 | Shoals:4 | Identified the +10 quarterstaff "Jeimoczu" {vorpal, Stlth+}
 36473 | Shoals:4 | Identified the +11 sling "Newt's Peril" {freeze, rF+}
 36773 | Shoals:4 | Reached skill level 5 in Stealth
 37236 | Shoals:4 | Got a barnacled rune of Zot
 37446 | Slime:1  | Entered Level 1 of the Pits of Slime
 37464 | Slime:1  | Identified the -1 cloak "Kecel" {rC+} (Okawaru gifted it to
                  | you on level 1 of the Pits of Slime)
 37464 | Slime:1  | Received a gift from Okawaru
 37532 | Slime:1  | You fall into a shaft and drop 1 floor!
 38366 | Slime:2  | Gained mutation: You are frail. (-10% HP) [a shining eye]
 39026 | Slime:3  | Gained mutation: You are clumsy. (Dex -2) [a shining eye]
 39028 | Slime:3  | Gained mutation: You are very frail. (-20% HP) [a shining
                  | eye]
 39269 | Slime:4  | Lost mutation: You are very frail. (-20% HP) [potion of
                  | mutation]
 39269 | Slime:4  | Lost mutation: You are frail. (-10% HP) [potion of
                  | mutation]
 39269 | Slime:4  | Lost mutation: You are clumsy. (Dex -2) [potion of
                  | mutation]
 39269 | Slime:4  | Gained mutation: You have a pair of large horns on your
                  | head. [potion of mutation]
 39269 | Slime:4  | Gained mutation: Your flesh is cold resistant. (rC+)
                  | [potion of mutation]
 39311 | Slime:5  | Entered Level 5 of the Pits of Slime
 39478 | Slime:5  | Identified the +7 eveningstar "Giepanal" {spect, *Corrode
                  | rPois Str-2 Dex+9} (Okawaru gifted it to you on level 5 of
                  | the Pits of Slime)
 39478 | Slime:5  | Received a gift from Okawaru
 39493 | Slime:5  | Gained mutation: Armour fits poorly on your strangely
                  | shaped body. [a shining eye]
 39515 | Slime:5  | Noticed the Royal Jelly
 39585 | Slime:5  | Reached XP level 21. HP: 48/194 MP: 29/29
 40105 | Slime:5  | Paralysed by a floating eye for 4 turns
 40136 | Slime:5  | Mangled by the Royal Jelly

Illustrated notes

Levels and vault maps discovered:
D:1:      minmay_arrival_radiant_lines, layout_rooms, serial_shops,
          nicolae_shop_hallway_plus
D:2:      layout_basic, uniq_natasha, uniq_sigmund
D:3:      layout_basic, zin_academy, tgw_sif,
          hellmonk_ecumenical_altar_lost_god, grunt_decor_mini_mirrors
D:4:      layout_loops_ring, minmay_misc_feat_rows, minmay_puff
D:5:      layout_rooms, minmay_temple_entry_arrows, uniq_edmund, uniq_eustachio
D:6:      layout_rooms
D:7:      layout_rooms, minmay_overflow_temple_hex,
          chequers_serial_rivers_room_b, minmay_liquid_box
D:9:      layout_roguey, mainiacjoe_overflow_brackets
D:10:     layout_cave_pools, kennysheep_little_box, overflow_temple_1_default,
          erik_lair_orcish_takeover, minmay_orc_entry_temple_small,
          enter_trove_6
D:11:     layout_roguey, serial_shops, nicolae_shop_advertising_works
          [nicolae_subvault_shop_adworks], grunt_ministairs_8, uniq_sonja
D:12:     layout_irregular_city, uniq_snorg
D:13:     layout_gridville
D:14:     layout_long_grid, david_vaults_3, kennysheep_generic_room_2,
          uniq_agnes, uniq_rupert, uniq_nessos
D:15:     hangedman_spin_cycle
Temple:   hellmonk_temple_beads
Lair:1:   beast_lair_carwin_large_1, layout_cave_pods,
          gammafunk_ghost_necromancy, minmay_stone_trees_medium,
          grunt_megastairs_2, uniq_nergalle
Lair:2:   layout_loops_ring, elwin_shoals_entry_rocks, serial_bayou_pond_a
Lair:3:   layout_regular_city, grunt_megastairs_4, serial_bayou_shore_b
Lair:4:   layout_small_grid, minmay_snake_entry_guardpost_small
Lair:5:   layout_regular_city, minmay_slime_entry_pillars,
          bh_autumn_forest_stairs
Lair:6:   evilmike_catoblepas_cave, layout_cave_pods, gauntlet_entry_generic,
          nicolae_lair_lil_pond
Shoals:1: layout_shoals, nicolae_shoals_sun_and_surf, uniq_frances
Shoals:2: layout_shoals, nicolae_shoals_beach_house_on_fowls_legs
Shoals:3: layout_shoals
Shoals:4: shoals_end_grunt_ice, layout_shoals, uniq_donald, uniq_louise,
          uniq_kirke
Snake:1:  layout_onion_interference, ebering_ghost_reflecting_pool, st_stairs_3,
          uniq_aizul
Snake:2:  layout_layer_cave, grunt_megastairs_1
Snake:3:  layout_rooms, ebering_ghost_reflecting_pool, st_stairs_5, drop_trap,
          serial_bayou_pond_c, nicolae_snake_mages_go_home
Snake:4:  grunt_snake_rune_spirals, layout_onion, serial_shops,
          nicolae_shop_bloodbath_and_beyond, beargit_elvish_explorers,
          uniq_bai_suzhen, uniq_vashnia
Slime:1:  layout_caves
Slime:2:  layout_caves
Slime:3:  layout_caves
Slime:4:  cheibrodos_slime_lost_civilization_2, layout_caves
Slime:5
Orc:1:    layout_caves, uniq_fannar
Orc:2:    st_orc_mages, layout_diamond_mine, serial_shops, shop,
          gammafunk_ghost_berserking_beasts, uniq_erolcha, uniq_urug,
          uniq_saint_roka, uniq_josephine
Elf:1:    minmay_elf_arrival_plus, layout_gridlike,
          ebering_ghost_reflecting_pool, minivault_28, uniq_azrael
Elf:2:    nicolae_elf_blades_splatter_lattice [nicolae_blade_little_rooms],
          layout_geoelf_octagon, uniq_asterion
Elf:3:    elf_hall, layout_geoelf_octagon, serial_shops, shop, hex_medium,
          drop_trap, hex_tiny
Vaults:1: gammafunk_ghost_arena, hangedman_vaults_capsules,
          nicolae_vaults_little_squares_4, ontoclasm_vaults_gateway,
          st_quartered_hall, v_misc_30, ontoclasm_vaults_ligature,
          ontoclasm_vaults_eye, v_misc_24, vaults_room_hallway,
          layout_vaults_quadrants

Skill      XL: |  1  2  3  4  5  6  7  8  9 10 11 12 13 14 15 16 17 18 19 20 21 |
---------------+----------------------------------------------------------------+-----
Armour         | 4 5 6 7 8 9 11 12 13 14 15 16 17 18 | 18.0
Shields        | 4 5 6 7 8 9 10 11 12 13 14 15 16 17 | 17.9
Fighting       | 4 5 6 7 8 9 10 11 12 13 14 15 16 17 18 | 18.0
Maces & Flails | 3 4 5 6 8 9 10 11 12 13 14 15 16 17 | 17.0
Dodging        | 2 3 4 5 6 8 9 10 11 12 13 14 15 16 | 16.2
Invocations    | 2 5 6 7 9 10 11 12 | 12.9
Evocations     | 2 4 6 7 8 9 10 11 12 | 12.0
Axes           | 4 6 8 9 10 11 12 | 12.0
Conjurations   | 4 6 7 9 |  9.2
Stealth        | 2 4 5 |  5.8

Action                   |  1- 3 |  4- 6 |  7- 9 | 10-12 | 13-15 | 16-18 | 19-21 || total
-------------------------+-------+-------+-------+-------+-------+-------+-------++-------
Melee: Flail             |    59 |   111 |   245 |   562 |  1257 |   255 |   104 ||  2593
       Headbutt          |     5 |    19 |    41 |   142 |   388 |   439 |   399 ||  1433
       Unarmed           |       |     7 |       |       |       |       |       ||     7
       Broad axe         |       |       |       |       |       |  1076 |  1138 ||  2214
Invok: Heroism           |       |       |       |       |    13 |     4 |     1 ||    18
       Finesse           |       |       |       |       |     1 |       |       ||     1
Evoke: Tin of tremorston |       |       |       |       |     3 |       |     4 ||     7
       Wand              |       |       |       |       |       |     1 |    12 ||    13
       Phial of floods   |       |       |       |       |       |       |     2 ||     2
  Use: Potion            |     1 |     1 |     1 |     4 |     6 |     4 |     9 ||    26
       Scroll            |       |       |     8 |    10 |    11 |     3 |    12 ||    44
 Stab: Petrified         |       |       |       |       |    15 |       |       ||    15
       Petrifying        |       |       |       |       |     3 |       |       ||     3
Armor: Scale mail        |    40 |    61 |       |       |       |       |       ||   101
       Skin              |       |     1 |     8 |       |       |       |       ||     9
       Chain mail        |       |     6 |   135 |    62 |       |       |       ||   203
       Plate armour      |       |       |       |   266 |   435 |    63 |       ||   764
       Storm dragon scal |       |       |       |       |       |   359 |   432 ||   791
Dodge: Dodged            |    26 |    67 |    88 |   256 |   530 |   566 |   657 ||  2190
Block: Buckler           |    16 |    22 |    61 |   190 |    16 |       |       ||   305
       Kite shield       |       |       |       |       |   958 |   980 |  1137 ||  3075
       Reflection        |       |       |       |       |       |       |     4 ||     4

Table legend: (Time is in decaauts)
 A = Elapsed time spent in this place.
 B = Non-inter-level travel time spent in this place.
 C = Inter-level travel time spent in this place.
 D = Time resting spent in this place.
 E = Time spent auto-exploring this place.
 F = Levels seen in this place.
 G = Mean time per level.
                   A        B        C        D        E       F      G
               +--------+--------+--------+--------+--------+-----+--------+
         Total |  39572 |  37708 |   1864 |   3682 |  22678 |  41 |  965.2 |
       Dungeon |  12985 |  12374 |    611 |   1229 |   7902 |  14 |  927.5 |
        Temple |    105 |     94 |     11 |      0 |     78 |   1 |  105.0 |
          Lair |   7657 |   6974 |    683 |    216 |   5198 |   6 | 1276.2 |
        Shoals |   5310 |   5147 |    163 |    447 |   2953 |   4 | 1327.5 |
     Snake Pit |   5924 |   5782 |    142 |    666 |   3377 |   4 | 1481.0 |
    Slime Pits |   2534 |   2513 |     21 |    381 |   1303 |   5 |  506.8 |
  Orcish Mines |   1464 |   1392 |     72 |    175 |    594 |   2 |  732.0 |
   Elven Halls |   3188 |   3029 |    159 |    568 |   1236 |   3 | 1062.7 |
        Vaults |      3 |      3 |      0 |      0 |      0 |   1 |    3.0 |
      Gauntlet |    398 |    398 |      0 |      0 |     35 |   1 |  398.0 |
               +--------+--------+--------+--------+--------+-----+--------+

Top non-repeatable levels by time:
 Snake:4: 1829 daAuts
Shoals:4: 1809 daAuts
  Lair:1: 1713 daAuts
 Snake:2: 1681 daAuts
  Lair:6: 1437 daAuts
Shoals:2: 1337 daAuts
  Lair:4: 1263 daAuts
 Snake:1: 1222 daAuts
  Lair:3: 1221 daAuts
    D:15: 1220 daAuts
 Snake:3: 1190 daAuts
   Elf:3: 1168 daAuts
Shoals:1: 1163 daAuts
     D:4: 1139 daAuts
   Elf:1: 1107 daAuts
